 Dungeon Crawl Stone Soup version 0.30-a0-743-gbfdf073431 (webtiles) character file.

Game seed: 10423848654921805283

18204 vineage the Basher (level 12, -20/77 HPs)
             Began as a Gargoyle Fighter on Feb 7, 2023.
             Was a High Priest of Okawaru.
             Demolished by a titanic slime creature (50 damage)
             ... on level 11 of the Dungeon.
             The game lasted 00:18:43 (10298 turns).

vineage the Basher (Gargoyle Fighter)              Turns: 10298, Time: 00:18:43

Health: -20/77     AC: 44    Str: 32    XL:     12   Next: 56%
Magic:  20/25      EV: 10    Int:  8    God:    Okawaru [*****.]
Gold:   445        SH: 18    Dex: 15    Spells: 11/11 levels left

rFire   . . .      SeeInvis .    B - +9 eveningstar (venom)
rCold   . . .      Faith    .    K - +0 kite shield
rNeg    + . .      Spirit   .    I - +15 Maxwell's patent armour {-Cast -Tele rElec Will+ rCorr}
rPois   ∞          Reflect  +    E - +0 helmet
rElec   +          Harm     .    (no cloak)
rCorr   +          Rampage  .    (no gloves)
Will    .....      NoTele   +    a - +0 pair of boots Stlth NoCast +
                                 m - amulet "Xacupn" {Reflect Will- Regen+ Str+4 SH+5}
HPRegen 1.12/turn                x - +6 ring of strength
MPRegen 0.19/turn                b - ring of magical power

@: heroic, finesse-ful
A: sickness immunity, AC +8, negative energy resistance 1, electricity
resistance, torment resistance 1, petrification resistance, agile 1
a: Renounce Religion, Heroism, Finesse, Duel


You were on level 11 of the Dungeon.
You worshipped Okawaru.
Okawaru was extremely pleased with you.
You visited 2 branches of the dungeon, and saw 13 of its levels.
You also visited: Sewer.

You collected 795 gold pieces.
You spent 350 gold pieces at shops.

Inventory:

Hand Weapons
 A - a +2 whip of freezing
 B - a +9 eveningstar of venom (weapon)
Armour
 a - a +0 pair of boots (worn)
 E - a +0 helmet (worn)
 I - the +15 Maxwell's patent armour (worn) {-Cast -Tele rElec Will+ rCorr}
   (You found it on level 9 of the Dungeon)

   rElec:     It insulates you from electricity.
   -Cast:     It prevents spellcasting.
   -Tele:     It prevents most forms of teleportation.
   rCorr:     It protects you from acid and corrosion.
   Will:      It increases your willpower.
 K - a +0 kite shield (worn)
Jewellery
 b - a ring of magical power (right hand)
 i - a ring of wizardry
 m - the amulet "Xacupn" (around neck) {Reflect Will- Regen+ Str+4 SH+5}
   (You acquired it on level 3 of the Dungeon)

   [amulet of reflection]

   It reflects blocked missile attacks.
   Str:       It affects your strength (+4).
   Regen:     It increases your rate of health regeneration.
   SH:        It affects your SH (+5).
   Will:      It decreases your willpower.
 n - a ring of ice
 x - a +6 ring of strength (left hand)
 F - a ring of magical power
 J - a ring of ice
Wands
 l - a wand of polymorph (10)
 C - a wand of iceblast (9)
 G - a wand of quicksilver (7)
 H - a wand of mindburst (6)
Scrolls
 c - a scroll of silence {unknown}
 d - a scroll of amnesia
 f - 2 scrolls of enchant armour
 o - 3 scrolls of blinking
 p - 2 scrolls of fear
 t - 4 scrolls of teleportation
 v - 3 scrolls of fog
 y - 2 scrolls of poison
 D - 2 scrolls of identify
Potions
 g - 2 potions of cancellation
 h - 4 potions of curing
 j - 3 potions of haste
 k - 2 potions of heal wounds
 q - 3 potions of brilliance
 r - 2 potions of might
 s - 3 potions of lignification
 u - 2 potions of magic
 w - a potion of invisibility
 z - 2 potions of attraction


   Skills:
 + Level 10.2(15.2) Fighting
 * Level 12.5(17.5) Maces & Flails
 + Level 10.0(15.0) Armour
 + Level 10.2(15.2) Shields
 + Level 6.6 Invocations


You had 11 spell levels left.
You didn't know any spells.
Your spell library contained the following spells:

 Spells                   Type           Power      Damage    Failure   Level
 Wereblood                Tmut           0%         N/A       99%         2
 Manifold Assault         Tloc           0%         N/A       100%        4
 Yara's Violent Unravell  Hex/Tmut       0%         3d3       100%        5
 Dispersal                Tloc           0%         N/A       100%        6
 Enfeeble                 Hex            0%         N/A       100%        7
 Orb of Destruction       Conj           0%         9d5       100%        7
 Borgnjor's Revivificati  Necr           0%         N/A       100%        8
 Disjunction              Tloc           0%         N/A       100%        8
 Necromutation            Tmut/Necr      0%         N/A       100%        8
 Chain Lightning          Conj/Air       0%         N/A       100%        9
 Death's Door             Necr           0%         N/A       100%        9
 Fire Storm               Conj/Fire      0%         5d1       100%        9
 Shatter                  Erth           0%         3d5*      100%        9
 Sublimation of Blood     Necr           Unusable   N/A       N/A         2
 Summon Guardian Golem    Hex/Summ       Unusable   N/A       N/A         3
 Animate Dead             Necr           Unusable   N/A       N/A         4
 Haunt                    Necr/Summ      Unusable   N/A       N/A         7
 Spellforged Servitor     Conj/Summ      Unusable   N/A       N/A         7
 Summon Hydra             Summ           Unusable   N/A       N/A         7
 Infestation              Necr           Unusable   N/A       N/A         8

Dungeon Overview and Level Annotations

Branches:
Dungeon (12/15)            Temple (1/1) D:4            Lair (0/5) D:8
    Orc (0/2) D:11          Sewer (visited)

Altars:
Ashenzari
Cheibriados
Dithmenos
Elyvilon
Fedhas
Gozag
Hepliaklqana
Kikubaaqudgha
Makhleb
Nemelex Xobeh
Okawaru
Qazlal
Ru
Sif Muna
Trog
Uskayaw
Vehumet
Wu Jian
Xom
Yredelemnul
Zin
The Shining One

Shops:
D:2 [   D:4 *   D:5 *   D:8 (


Innate Abilities, Weirdness & Mutations

You are immune to sickness and miasma.
Your stone body is resilient. (AC +8)
You are immune to poison.
You resist negative energy. (rN+)
You are resistant to electric shocks. (rElec)
You are resistant to unholy torment.
You are immune to petrification.
You are agile. (Dex +4, Str/Int -1)


Message History

There is a stone staircase leading down here.
You enter the shallow water.
Moving in this stuff is going to be slow.
There is a stone staircase leading down here.
Partly explored, can't reach some places.
Partly explored, can't reach some places.
Partly explored, can't reach some places.
(D) Dungeon (T) Temple (L) Lair (O) Orcish Mines
Where to? (Enter - D:10, ? - help)
There is a stone staircase leading up here.
There is a stone staircase leading down here.
You climb downwards.
There is a stone staircase leading up here.
(D) Dungeon (T) Temple (L) Lair (O) Orcish Mines
Where to? (Enter - D:11, ? - help)
There is a stone staircase leading down here.
You climb downwards.
A titanic slime creature splits.
You block the very large slime creature's attack.
There is a stone staircase leading up here.
You bludgeon the large slime creature!!
The large slime creature is moderately wounded.
The very large slime creature hits you!!
The very large slime creature attacks as you move away!
You block the very large slime creature's attack.
Two slime creatures merge to form a titanic slime creature.
Okay, then.
You gain the combat prowess of a mighty hero.
You see here a +0 plate armour.
There is a stone staircase leading up here.
You block the titanic slime creature's attack.
You climb upwards.
There is a stone staircase leading down here.
You can now deal lightning-fast blows.
The titanic slime creature hits you!!
You bludgeon the titanic slime creature!!
The titanic slime creature is poisoned.
The titanic slime creature is lightly wounded.
The titanic slime creature hits you!!!
Ouch! That really hurt!
You die...

# # # # # # #
#################################
...............J@................
........<..######################
#########..# # #..# # #..# # #..#
#..#
#########..######################
.................................


You could see a titanic slime creature (very poisoned).

Vanquished Creatures
  Fannar (D:11)
  3 two-headed ogres
  Urug (D:12)
  Pikel (D:7)
  A mana viper (shapeshifter) (D:8)
  2 ugly things (D:10)
  A cyclops (D:11)
  A manticore (D:12)
  Joseph (D:10)
  A gargoyle (D:11)
  An unseen horror (D:12)
  A kobold demonologist (D:12)
  A komodo dragon (D:10)
  5 trolls
  A hornet (D:11)
  2 dream sheep (D:7)
  A slime creature (D:12)
  Sigmund (D:3)
  A shadow (D:9)
  17 yaks
  4 wraiths
  A wyvern (D:7)
  3 steam dragons (D:7)
  4 vampire mosquitoes (D:12)
  Menkaure (D:5)
  A warg (D:11)
  An acid dragon (D:11)
  A water moccasin (D:9)
  4 sky beasts
  2 ice beasts (D:6)
  3 orc warriors
  An ogre (D:4)
  2 black bears
  3 wolves (D:8)
  6 centaurs
  2 phantoms
  A lemure (D:7)
  3 kobold brigands (D:8)
  2 gnoll sergeants
  4 bullfrogs
  2 necrophages
  16 wights
  A killer bee (D:8)
  6 electric eels
  7 hounds
  A jelly (D:4)
  7 orc priests
  7 iguanas
  Ijyb (D:5)
  13 orc wizards
  15 gnolls
  10 adders
  4 river rats (Sewer)
  A shadow imp (D:8)
  4 white imps
  3 worms
  2 dart slugs
  42 orcs
  7 bats
  3 endoplasms
  2 giant cockroaches (D:4)
  11 goblins
  5 hobgoblins
  17 kobolds
  2 quokkas
  23 ball pythons
  A frilled lizard (D:1)
  29 rats
  A spectral goblin (D:3)
336 creatures vanquished.

Vanquished Creatures (others)
  An ice beast (D:7)
  A gnoll bouda (D:7)
  2 orc wizards
  3 orcs (D:7)
7 creatures vanquished.

Grand Total: 343 creatures vanquished

Notes
Turn   | Place    | Note
-------+----------+-------------------------------------------
     0 | D:1      | vineage the Gargoyle Fighter began the quest for the Orb.
     0 | D:1      | Reached XP level 1. HP: 14/14 MP: 1/1
    76 | D:1      | Reached XP level 2. HP: 7/19 MP: 2/2
   608 | D:1      | Gained mutation: You are agile. (Dex +4, Str/Int -1)
                  | [potion of mutation]
   680 | D:2      | Found Gutiax's Armour Boutique.
   896 | D:2      | Reached XP level 3. HP: 23/23 MP: 3/3
  1258 | D:3      | Reached skill level 3 in Maces & Flails
  1258 | D:3      | Reached XP level 4. HP: 28/29 MP: 4/4
  1273 | D:3      | Found a faded altar of an unknown god.
  1422 | D:3      | Identified a scroll of acquirement
  1422 | D:3      | Acquired the amulet "Xacupn" {Reflect Will- Regen+ Str+4
                  | SH+5}
  1536 | D:3      | Noticed Sigmund
  1557 | D:3      | Killed Sigmund
  1558 | D:3      | Reached skill level 4 in Maces & Flails
  1558 | D:3      | Reached XP level 5. HP: 34/34 MP: 5/5
  1558 | D:3      | Reached XP level 6. HP: 39/39 MP: 6/6
  1862 | D:4      | Found a stormy altar of Qazlal.
  1920 | D:4      | Found a staircase to the Ecumenical Temple.
  1937 | Temple   | Entered the Ecumenical Temple
  2121 | Temple   | Became a worshipper of Warmaster Okawaru
  2171 | D:4      | Found a glowing drain.
  2190 | Sewer    | Entered a sewer
  2392 | Sewer    | Reached XP level 7. HP: 28/44 MP: 7/7
  2502 | Sewer    | Reached skill level 5 in Maces & Flails
  2511 | Sewer    | Reached skill level 5 in Fighting
  2511 | Sewer    | Reached skill level 5 in Shields
  2636 | D:4      | Reached skill level 5 in Armour
  2665 | D:4      | Reached * piety under Okawaru
  2872 | D:4      | Found Vipleomu's Assorted Antiques.
  3090 | D:5      | Entered Level 5 of the Dungeon
  3090 | D:5      | Noticed Menkaure
  3110 | D:5      | Killed Menkaure
  3111 | D:5      | Reached XP level 8. HP: 26/50 MP: 8/8
  3163 | D:4      | Reached skill level 6 in Maces & Flails
  3214 | D:5      | Reached ** piety under Okawaru
  3402 | D:5      | Noticed Ijyb
  3416 | D:5      | Killed Ijyb
  3693 | D:5      | Found Asicutuph's Assorted Antiques.
  3706 | D:5      | Reached skill level 7 in Maces & Flails
  4155 | D:6      | Reached XP level 9. HP: 56/56 MP: 9/9
  4607 | D:6      | Reached *** piety under Okawaru
  5019 | D:7      | Reached skill level 8 in Maces & Flails
  5423 | D:7      | Found a shimmering altar of Xom.
  5548 | D:7      | Reached **** piety under Okawaru
  5730 | D:7      | Reached skill level 9 in Maces & Flails
  5730 | D:7      | Reached XP level 10. HP: 45/63 MP: 10/10
  5861 | D:7      | Noticed Pikel
  5882 | D:7      | Killed Pikel
  5883 | D:7      | Reached skill level 1 in Invocations
  6270 | D:7      | Found a white marble altar of Elyvilon.
  6278 | D:7      | Found a radiant altar of Vehumet.
  6279 | D:7      | Found a shimmering blue altar of Sif Muna.
  6282 | D:7      | Found a glowing silver altar of Zin.
  6284 | D:7      | Acquired a +4 eveningstar of venom
  6397 | D:4      | Bought a scroll of enchant weapon for 157 gold pieces
  6397 | D:4      | Bought a scroll labelled MEKHLI JOUFUX for 21 gold pieces
  6450 | D:5      | Bought a scroll of enchant weapon for 172 gold pieces
  6513 | D:8      | Found a staircase to the Lair.
  6772 | D:8      | Reached skill level 10 in Maces & Flails
  6967 | D:8      | Found Luegi's Weapon Emporium.
  7049 | D:8      | Reached ***** piety under Okawaru
  7157 | D:8      | Noticed a mana viper
  7163 | D:8      | Killed a mana viper
  7507 | D:9      | Noticed a two-headed ogre
  7513 | D:9      | Killed a two-headed ogre
  7514 | D:9      | Reached XP level 11. HP: 69/69 MP: 13/13
  7644 | D:9      | Found an ancient bone altar of Kikubaaqudgha.
  7685 | D:9      | Found a shadowy altar of Dithmenos.
  7809 | D:9      | Found a sparkling altar of Nemelex Xobeh.
  7875 | D:9      | Found the +15 Maxwell's patent armour {-Cast -Tele rElec
                  | Will+ rCorr}
  8231 | D:9      | Found a hazy altar of Hepliaklqana.
  8409 | D:10     | Entered Level 10 of the Dungeon
  8464 | D:10     | Identified the +0 scale mail of the Big Bang {Harm Dex+3}
                  | (Okawaru gifted it to you on level 10 of the Dungeon)
  8464 | D:10     | Received a gift from Okawaru
  8512 | D:10     | Reached skill level 11 in Maces & Flails
  8556 | D:10     | Noticed a cyan ugly thing
  8558 | D:10     | Noticed a white ugly thing
  8562 | D:10     | Killed a white ugly thing
  8567 | D:10     | Killed a white ugly thing
  8568 | D:10     | Reached skill level 5 in Invocations
  8598 | D:10     | Noticed Joseph
  8606 | D:10     | Killed Joseph
  8995 | D:10     | You fall into a shaft and drop 2 floors!
  9057 | D:12     | Noticed Urug
  9067 | D:12     | Killed Urug
  9196 | D:12     | Reached XP level 12. HP: 76/76 MP: 16/16
  9303 | D:11     | Reached skill level 12 in Maces & Flails
  9324 | D:11     | Noticed a two-headed ogre
  9330 | D:11     | Killed a two-headed ogre
  9341 | D:11     | Reached skill level 10 in Shields
  9361 | D:11     | Noticed Fannar
  9371 | D:11     | Killed Fannar
  9371 | D:11     | Reached ****** piety under Okawaru
  9372 | D:11     | Reached skill level 10 in Fighting
  9380 | D:11     | Noticed a two-headed ogre
  9394 | D:11     | Killed a two-headed ogre
  9406 | D:11     | Reached skill level 10 in Armour
  9629 | D:11     | Found a staircase to the Orcish Mines.
 10298 | D:11     | Demolished by a titanic slime creature

Illustrated notes

Levels and vault maps discovered:
D:1:      psy_arrival_fountain, layout_basic
D:2:      layout_basic, serial_shops, shop, palyth_stone_intersect
D:3:      layout_rooms, dreamdust_ecumenical_altar_drowned_temple,
          nicolae_concentric_dashed_squares_mild, minmay_shallow_snake_nest,
          uniq_sigmund
D:4:      nicolae_cairo_tiling, layout_loops_ring, grunt_qazlal_clouds,
          portal_sewer_entry_a, serial_shops, shop
D:5:      layout_basic, serial_shops, shop, amethyst_killhole, uniq_menkaure,
          uniq_ijyb
D:6:      layout_basic
D:7:      layout_loops_cross, xom_confusion_cloud, minitemple,
          dreamdust_gnoll_shepherd, uniq_pikel
D:8:      layout_loops_corners, erik_lair_island, enter_bailey_4, serial_shops,
          nicolae_shop_hallway_stairs, nicolae_kite_square_tiling_tiny,
          grunt_tough_drop
D:9:      layout_basic, mainiacjoe_overflow_24_doors,
          mainiacjoe_overflow_surrounded_room,
          nicolae_kikubaaqudgha_miasma_corner,
          nemelex_xobeh_ov_fountains_minmay, dreamdust_deal_with_the_devil,
          corexii_leaking_fountain, minmay_circle_x
D:10:     layout_basic, minivault_25_ag, minmay_bent, uniq_joseph
D:11:     layout_long_grid, erik_orc_4, minmay_misc_feat_pillars, uniq_fannar
D:12:     layout_loops_ring, serial_shops, shop, nicolae_twisting_strands,
          tgw_trog, uniq_urug
Temple:   chequers_temple_sunken

Skill      XL: |  1  2  3  4  5  6  7  8  9 10 11 12 |
---------------+-------------------------------------+-----
Maces & Flails | 3 4 5 7 9 10 11 12 | 12.5
Fighting       | 4 5 6 7 8 9 10 | 10.2
Armour         | 4 5 6 7 8 9 10 | 10.0
Shields        | 4 5 6 7 8 9 10 | 10.2
Invocations    | 3 5 6 |  6.6

Action                     |  1- 3 |  4- 6 |  7- 9 | 10-12 || total
---------------------------+-------+-------+-------+-------++-------
  Melee: Flail             |    80 |   204 |   392 |       ||   676
         Mace              |       |       |    57 |    44 ||   101
         Whip              |       |       |    53 |       ||    53
         Eveningstar       |       |       |       |   338 ||   338
 Invoke: Heroism           |       |       |       |     7 ||     7
         Finesse           |       |       |       |     1 ||     1
    Use: Scroll            |     6 |     7 |    10 |    10 ||    33
         Potion            |     1 |     2 |     3 |       ||     6
   Stab: Confused          |       |       |     2 |       ||     2
 Armour: Scale mail        |    56 |   158 |    73 |       ||   287
         Plate armour      |       |       |   239 |   228 ||   467
  Dodge: Dodged            |    41 |   139 |   151 |    91 ||   422
  Block: Buckler           |    18 |   173 |   352 |   237 ||   780
         Reflection        |       |       |     9 |    15 ||    24
         Kite shield       |       |       |       |     8 ||     8

Table legend: (Time is in decaauts)
 A = Elapsed time spent in this place.
 B = Non-inter-level travel time spent in this place.
 C = Inter-level travel time spent in this place.
 D = Time resting spent in this place.
 E = Time spent auto-exploring this place.
 F = Levels seen in this place.
 G = Mean time per level.
                   A        B        C        D        E       F      G
               +--------+--------+--------+--------+--------+-----+--------+
         Total |  10544 |   9829 |    715 |    500 |   6890 |  14 |  753.1 |
       Dungeon |   9860 |   9183 |    677 |    490 |   6559 |  12 |  821.7 |
        Temple |    248 |    210 |     38 |      0 |    201 |   1 |  248.0 |
         Sewer |    435 |    435 |      0 |     10 |    128 |   1 |  435.0 |
               +--------+--------+--------+--------+--------+-----+--------+

Top non-repeatable levels by time:
     D:6: 1489 daAuts
     D:7: 1082 daAuts
     D:8: 989 daAuts
    D:10: 952 daAuts
     D:9: 906 daAuts
     D:4: 871 daAuts
     D:5: 829 daAuts
    D:11: 661 daAuts
     D:3: 649 daAuts
     D:1: 632 daAuts
     D:2: 525 daAuts
   Sewer: 435 daAuts
    D:12: 270 daAuts
  Temple: 248 daAuts
